AoeStats
← falcon_br

Arabia

510175959Analyzed
1v1 RM · 1d ago on Sep 29, 2026· 36m 26s· 2 players
Game mode
Random Map
Map size
Tiny (2 player)
Population
200
Speed
Normal
Resources
Standard
Victory
Conquest
Starting age
Dark Age
Ending age
Imperial Age
RankedLock teamsTeams togetherTeam positionsShared explorationLock speedFull tech treeHidden civsTurbo modeCheats
Victory
Defeat
🇲🇽 Varangians · Mexico
1135
+15
🇧🇷 Wei · Brazil
1108
-15
falcon_br
6:59 Loom
9:16 Feudal Age
9:55 Double-Bit Axe
21:23 Castle Age
20:19 Scale Barding Armor
20:25 Forging
22:32 Wheelbarrow
22:12 Bloodlines
22:26 Chain Barding Armor
22:33 Husbandry
25:57 Iron Casting
27:56 Crossbowman
32:07 Bow Saw
33:31 Fletching
33:19 Man-at-Arms
ELEG VACASADA
6:36 Loom
8:48 Feudal Age
10:33 Bloodlines
22:45 Castle Age
21:41 Forging
22:51 Scale Barding Armor
24:02 Iron Casting
22:52 Pikeman
23:25 Arson
25:32 Wheelbarrow
24:49 Double-Bit Axe
27:11 Scale Mail Armor
30:50 Horse Collar
33:16 Chain Mail Armor
34:42 Chain Barding Armor
Connection lost

Rejoining the realm…

Still unreachable

The connection could not be restored.

Session expired

The server has moved on; the page needs a fresh start.